 Dungeon Crawl Stone Soup version 0.28.0-53-g5a82cb258f (webtiles) character file.

Game seed: 2995574507292698243

7963 mcbry74 the Geomancer (level 11, -10/54 HPs)
             Began as a Deep Elf Earth Elementalist on July 10, 2022.
             Was a Believer of Vehumet.
             Shot with an arrow by a centaur warrior (23 damage)
             ... on level 11 of the Dungeon.
             The game lasted 01:09:50 (13772 turns).

mcbry74 the Geomancer (DEEE)                       Turns: 13772, Time: 01:09:52

Health: -10/54     AC:  8    Str:  5    XL:     11   Next: 3%
Magic:  21/23      EV: 16    Int: 25    God:    Vehumet [**....]
Gold:   237        SH:  0    Dex: 15    Spells: 11/24 levels left

rFire   . . .      SeeInvis .   L - staff of conjuration
rCold   . . .      Faith    .   (no shield)
rNeg    + . .      Spirit   .   x - +0 steam dragon scales
rPois   .          Reflect  .   q - +1 hat
rElec   .          Harm     .   m - +0 cloak
rCorr   +          Rampage  .   (no gloves)
Will    +....                   i - +0 pair of boots
Stlth   ++........              (no amulet)
HPRegen 0.18/turn               y - ring of resist corrosion
MPRegen 0.18/turn               D - ring of positive energy

@: no status effects
A: no striking features
a: Renounce Religion


You were on level 11 of the Dungeon.
You worshipped Vehumet.
Vehumet was pleased with you.
You visited 2 branches of the dungeon, and saw 12 of its levels.

You collected 516 gold pieces.
You spent 279 gold pieces at shops.

Inventory:

Hand Weapons
 a - a +0 dagger
 k - a +2 dagger of protection
 r - a +0 quarterstaff of speed
 u - a +5 vorpal flail
 E - a +1 shortbow of flaming
 H - a +2 flail of holy wrath
Missiles
 f - 4 boomerangs
 h - 229 stones
 l - 10 javelins
 A - 24 poisoned darts
Armour
 b - a +0 robe
 i - a +0 pair of boots (worn)
 m - a +0 cloak (worn)
 q - a +1 hat (worn)
 v - a +1 ring mail of fire resistance
 x - +0 steam dragon scales (worn)
 Q - a +1 helmet
 T - a +0 troll leather armour
Magical Staves
 n - a staff of death
 K - a staff of air
 L - a staff of conjuration (weapon)
Jewellery
 y - a ring of resist corrosion (left hand)
 D - a ring of positive energy (right hand)
 J - a ring of positive energy
Wands
 P - a wand of flame (16)
 S - a wand of acid (5)
Scrolls
 d - 5 scrolls of teleportation
 e - a scroll of enchant weapon {unknown}
 g - a scroll of enchant armour
 j - 3 scrolls of vulnerability
 o - a scroll of fear {unknown}
 p - a scroll of acquirement {unknown}
 t - 3 scrolls of fog
 w - 3 scrolls of immolation
 B - 2 scrolls of brand weapon
 M - a scroll of silence {unknown}
 N - 2 scrolls of magic mapping
 O - a scroll of amnesia {unknown}
 R - 2 scrolls of identify
 U - a scroll of blinking {unknown}
Potions
 c - 2 potions of heal wounds
 s - a potion of attraction
 z - a potion of lignification {unknown}
 C - a potion of flight {unknown}
 F - 2 potions of mutation
 G - 3 potions of ambrosia
 I - 2 potions of brilliance {unknown}


   Skills:
 + Level 4.7 Staves
 - Level 7.7 Dodging
 - Level 2.4 Stealth
 - Level 7.1 Spellcasting
 + Level 5.6 Conjurations
 - Level 5.2 Transmutations
 + Level 12.9 Earth Magic
 + Level 5.0 Evocations


You had 11 spell levels left.
You knew the following spells:

 Your Spells              Type           Power      Damage    Failure   Level
a - Sandblast             Erth           100%       2d20      1%          1
b - Stone Arrow           Conj/Erth      100%       3d13      1%          3
c - Lee's Rapid Deconstr  Erth           32%        3d18*     1%          5
d - Leda's Liquefaction   Hex/Erth       20%        N/A       4%          4

Your spell library contained the following spells:

 Spells                   Type           Power      Damage    Failure   Level
 Freeze                   Ice            32%        1d5       7%          1
 Passwall                 Tmut/Erth      44%        N/A       1%          2
 Petrify                  Tmut/Erth      53%        N/A       1%          4
 Confusing Touch          Hex            8%         N/A       21%         3
 Tukima's Dance           Hex            8%         N/A       21%         3
 Statue Form              Tmut/Erth      35%        N/A       24%         6
 Yara's Violent Unravell  Hex/Tmut       11%        3d6       52%         5
 Anguish                  Hex/Necr       4%         N/A       54%         4
 Dispersal                Tloc           4%         N/A       100%        6
 Enfeeble                 Hex            4%         N/A       100%        7
 Disjunction              Tloc           4%         N/A       100%        8


Dungeon Overview and Level Annotations

Branches:
Dungeon (11/15)            Temple (1/1) D:4             Orc (0/2) D:11
   Lair: D:8-11

Altars:
Ashenzari
Cheibriados
Dithmenos
Elyvilon
Fedhas
Gozag
Hepliaklqana
Kikubaaqudgha
Makhleb
Nemelex Xobeh
Okawaru
Qazlal
Ru
Sif Muna
Trog
Uskayaw
Vehumet
Wu Jian
Xom
Yredelemnul
Zin
The Shining One

Shops:
D:4 [   D:9 :[!?


Message History

You kill the orc!
Vehumet accepts your kill.
You see here a +0 spear.
You pick up a book of Maledictions and begin reading...
You add the spells Tukima's Dance and Anguish to your library.
You start resting.
HP restored.
You start resting.
Magic restored.
h - 231 stones (gained 17)
Found a staircase to the Orcish Mines.
Things that are here:
a +0 dagger; a +0 robe
Things that are here:
a +0 club; a +0 chain mail
Things that are here:
a +0 club; a +0 chain mail
Things that are here:
a +0 dagger; a +0 robe You see here a +0 whip.
A centaur warrior comes into view.
The centaur warrior wields a +0 shortbow.
The centaur warrior shoots an arrow.
The arrow hits you!
Casting: Sandblast (safe; 1% risk of failure)
Confirm with . or Enter, or press ? or * to list all spells.
Aiming: Sandblast (safe; 1% risk of failure)
Press: ? - help, Shift-Dir - straight line, f - centaur warrior
Aim: a centaur warrior, wielding a +0 shortbow and quivering arrows (88% to hit)
The blast of sand hits the centaur warrior but does no damage.
The centaur warrior shoots an arrow.
The arrow hits you.
The centaur warrior shoots an arrow.
The arrow hits you!!
* * * LOW HITPOINT WARNING * * *
Casting: Sandblast (safe; 1% risk of failure)
Confirm with . or Enter, or press ? or * to list all spells.
Aiming: Sandblast (safe; 1% risk of failure)
Press: ? - help, Shift-Dir - straight line, f/p - centaur warrior
Aim: a centaur warrior, wielding a +0 shortbow and quivering arrows (88% to hit)
The blast of sand hits the centaur warrior!
The centaur warrior is moderately wounded.
The centaur warrior shoots an arrow.
The arrow hits you!!
You die...

. . ### # . ..#.#
. ...####.#.# .
.....c....# #@#
#.# #.# #.#
################.#
.................#
##################


You could see a centaur warrior.

Vanquished Creatures
  2 two-headed ogres (D:10)
  A centaur zombie (D:11)
  An unseen horror (D:11)
  A troll (D:10)
  A meliai zombie (D:11)
  A shadow (D:9)
  6 yaks (D:10)
  A steam dragon (D:6)
  Grum (D:9)
  Edmund (D:5)
  2 water moccasins (D:7)
  An ice beast (D:6)
  5 orc warriors
  3 black bears
  A sky beast (D:6)
  4 necrophages
  5 centaurs
  3 ogres (D:5)
  3 wolves (D:9)
  A phantom (D:7)
  3 kobold brigands
  3 bullfrogs
  6 scorpions
  A wyvern skeleton (D:7)
  A water moccasin zombie (D:5)
  A water moccasin skeleton (D:4)
  8 wights
  A jelly (D:5)
  3 orc priests
  2 hounds (D:5)
  A bullfrog skeleton (D:4)
  3 iguanas
  8 orc wizards
  A killer bee zombie (D:5)
  2 hound zombies (D:5)
  A gnoll (D:5)
  9 adders
  A shadow imp (D:3)
  An ufetubus (D:4)
  A worm (D:3)
  4 dart slugs
  24 orcs
  3 ball pythons
  8 bats
  6 endoplasms
  3 giant cockroaches
  12 goblins
  5 hobgoblins
  2 quokkas
  4 frilled lizards
  20 kobolds
  4 rats
196 creatures vanquished.

Vanquished Creatures (others)
  A plant (D:10)
1 creature vanquished.

Grand Total: 197 creatures vanquished

Notes
Turn   | Place    | Note
-------+----------+-------------------------------------------
     0 | D:1      | mcbry74 the Deep Elf Earth Elementalist began the quest for
                  | the Orb.
     0 | D:1      | Reached XP level 1. HP: 10/10 MP: 6/6
   227 | D:1      | Reached XP level 2. HP: 15/15 MP: 5/8
   255 | D:2      | Reached skill level 4 in Earth Magic
   707 | D:2      | Found a bloodstained altar of Trog.
   738 | D:2      | Reached XP level 3. HP: 19/19 MP: 7/9
   742 | D:2      | Learned a level 3 spell: Stone Arrow
  1511 | D:1      | Reached skill level 1 in Conjurations
  2747 | D:3      | Reached XP level 4. HP: 24/24 MP: 7/10
  2918 | D:3      | Reached skill level 5 in Earth Magic
  3361 | D:3      | Reached skill level 1 in Evocations
  3361 | D:3      | Reached XP level 5. HP: 19/28 MP: 2/11
  3467 | D:4      | Found Zurgheala's Armour Emporium.
  3488 | D:4      | Reached skill level 1 in Staves
  3684 | D:4      | Reached skill level 6 in Earth Magic
  3822 | D:4      | Reached XP level 6. HP: 32/32 MP: 9/12
  3905 | D:4      | Reached skill level 7 in Earth Magic
  4134 | D:4      | Found a staircase to the Ecumenical Temple.
  4223 | D:5      | Entered Level 5 of the Dungeon
  4254 | D:5      | Reached XP level 7. HP: 36/36 MP: 6/13
  4496 | D:5      | Reached skill level 8 in Earth Magic
  4842 | D:5      | Noticed Edmund
  4990 | D:5      | Killed Edmund
  5075 | D:5      | Reached XP level 8. HP: 41/41 MP: 6/14
  5185 | D:5      | Reached skill level 9 in Earth Magic
  5628 | Temple   | Entered the Ecumenical Temple
  6028 | Temple   | Became a worshipper of Vehumet
  6196 | D:6      | Found a white marble altar of Elyvilon.
  6659 | D:6      | Reached skill level 10 in Earth Magic
  7092 | D:6      | Reached skill level 5 in Dodging
  7092 | D:6      | Reached XP level 9. HP: 45/45 MP: 9/15
  7601 | D:6      | Learned a level 5 spell: Lee's Rapid Deconstruction
  7984 | D:7      | Reached * piety under Vehumet
  7984 | D:7      | Offered knowledge of Shock by Vehumet.
  7993 | D:7      | Reached skill level 11 in Earth Magic
  8598 | D:7      | Learned a level 4 spell: Leda's Liquefaction
  8615 | D:8      | Reached skill level 5 in Spellcasting
  8738 | D:8      | Reached skill level 5 in Conjurations
  9170 | D:8      | Reached XP level 10. HP: 50/50 MP: 17/20
  9798 | D:9      | Found Boirhumi's Distillery.
  9951 | D:9      | Found Onuececk's Magic Scroll Emporium.
  9953 | D:9      | Identified the +2 dagger of Satyriasis {speed, Int+3}
  9957 | D:9      | Bought a scroll of enchant armour for 127 gold pieces
  9957 | D:9      | Bought a scroll of immolation for 59 gold pieces
  9957 | D:9      | Bought a scroll of fog for 34 gold pieces
  9957 | D:9      | Bought a scroll of magic mapping for 59 gold pieces
 10050 | D:9      | Offered knowledge of Freeze by Vehumet.
 10289 | D:9      | Reached ** piety under Vehumet
 10392 | D:9      | Noticed Grum
 10735 | D:9      | Found Labisash's Book Shoppe.
 10784 | D:9      | Found Cohoj's Armour Emporium.
 11062 | D:9      | Killed Grum
 11175 | D:10     | Entered Level 10 of the Dungeon
 11319 | D:10     | Found a hazy altar of Hepliaklqana.
 11416 | D:10     | Reached skill level 12 in Earth Magic
 11835 | D:10     | Noticed a two-headed ogre
 11850 | D:10     | Killed a two-headed ogre
 11851 | D:10     | Reached skill level 5 in Transmutations
 12307 | D:10     | Noticed a two-headed ogre
 13410 | D:10     | Killed a two-headed ogre
 13501 | D:11     | Reached XP level 11. HP: 30/54 MP: 13/23
 13657 | D:11     | Reached skill level 5 in Evocations
 13714 | D:11     | Found a staircase to the Orcish Mines.
 13770 | D:11     | Noticed a centaur warrior
 13772 | D:11     | Shot with an arrow by a centaur warrior

Illustrated notes

Levels and vault maps discovered:
D:1:      dpeg_arrival_simpleton_b, layout_basic
D:2:      layout_loops_ring, basic_altar
D:3:      layout_rooms, kennysheep_cross_bottleneck, patterned_corridor
D:4:      layout_cave_pools, minmay_temple_entry_from_below_a, serial_shops,
          shop, minmay_liquid_box
D:5:      minmay_recursive_quarters, layout_loops_ring, serial_glass,
          glass_columns_b, glass_columns_b, glass_columns_a, glass_columns_a,
          glass_columns_a, glass_columns_c, glass_columns_b, glass_columns_b,
          grunt_ministairs_14, uniq_edmund
D:6:      layout_gridville, elyvilon_altar_5
D:7:      layout_cave_pools, enter_bailey_3
D:8:      layout_loops_cross
D:9:      layout_cave_pods, serial_shops, nicolae_shop_waterfront,
          kennysheep_mini, nicolae_shop_window_shopping, shop, uniq_grum
D:10:     layout_basic, nicolae_hepliaklqana_hazy_memory
D:11:     cheibrodos_steamvent, layout_basic, lair_entry_dummy,
          chequers_serial_rivers_small_3, uniq_psyche
Temple:   mainiacjoe_temple_big_plus

Skill      XL: |  1  2  3  4  5  6  7  8  9 10 11 |
---------------+----------------------------------+-----
Earth Magic    | 4 5 6 7 8 10 11 12 | 12.9
Conjurations   | 2 3 5 |  5.6
Evocations     | 1 2 4 5 |  5.0
Staves         | 2 3 4 |  4.7
Dodging        | 3 5 6 7 |  7.7
Transmutations | 3 5 |  5.2
Spellcasting   | 5 7 |  7.1
Stealth        | |  2.4

Action                   |  1- 3 |  4- 6 |  7- 9 | 10-12 || total
-------------------------+-------+-------+-------+-------++-------
Melee: Dagger            |    76 |     6 |       |       ||    82
       Punch             |     2 |       |       |     1 ||     3
       Quarterstaff      |       |     9 |    16 |       ||    25
       Staff             |       |       |       |    20 ||    20
 Cast: Sandblast         |    44 |    50 |    76 |    43 ||   213
       Stone Arrow       |     4 |     6 |    77 |    41 ||   128
       Lee's Rapid Decon |       |       |     1 |       ||     1
       Leda's Liquefacti |       |       |       |     3 ||     3
  Use: Scroll            |       |       |       |     7 ||     7
Armor: Robe              |    22 |    11 |     3 |       ||    36
       Steam dragon scal |       |       |     6 |    39 ||    45
Dodge: Dodged            |    44 |    11 |    19 |    57 ||   131
